 Dungeon Crawl Stone Soup version 0.28.0 (webtiles) character file.

Game seed: 10349316503409073089

58 Jerry the Shield-Bearer (level 3, 0/31 HPs)
             Began as a Demigod Fighter on Feb 8, 2022.
             Slain by a gnoll (12 damage)
             ... on level 2 of the Dungeon.
             The game lasted 00:02:01 (1612 turns).

Jerry the Shield-Bearer (Demigod Fighter)           Turns: 1612, Time: 00:02:02

Health: 0/31       AC:  7    Str: 21    XL:     3   Next: 51%
Magic:  5/5        EV:  9    Int: 10    God:
Gold:   65         SH:  4    Dex: 13    Spells: 2/2 levels left

rFire   . . .      SeeInvis .   a - +0 long sword
rCold   . . .      Faith    .   c - +0 buckler
rNeg    . . .      Spirit   .   b - +0 scale mail
rPois   .          Reflect  .   (no helmet)
rElec   .          Harm     .   (no cloak)
rCorr   .          Rampage  .   j - +0 pair of gloves
Will    .....                   (no boots)
Stlth   ..........              (no amulet)
HPRegen 0.10/turn               (no ring)
MPRegen 0.09/turn               (no ring)

@: no status effects
A: high MP 1, forlorn, divine attributes
a: no special abilities


You were on level 2 of the Dungeon.
You visited 1 branch of the dungeon, and saw 2 of its levels.

You collected 65 gold pieces.

Inventory:

Hand Weapons
 a - a +0 long sword (weapon)
Armour
 b - a +0 scale mail (worn)
 c - a +0 buckler (worn)
 j - a +0 pair of gloves (worn)
Scrolls
 f - 2 scrolls of teleportation {unknown}
 i - a scroll of vulnerability {unknown}
Potions
 e - a potion of lignification {unknown}
 g - a potion of magic {unknown}
 h - a potion of heal wounds {unknown}


   Skills:
 + Level 3.2 Fighting
 + Level 2.3 Long Blades
 + Level 3.1 Armour
 + Level 3.2 Shields


You had 2 spell levels left.
You didn't know any spells.
Your spell library contained the following spells:

 Spells                   Type           Power      Damage    Failure   Level
 Tukima's Dance           Hex            0%         N/A       99%         3
 Anguish                  Hex/Necr       0%         N/A       100%        4
 Enfeeble                 Hex            0%         N/A       100%        7


Dungeon Overview and Level Annotations

Branches:
Dungeon (2/15)


Innate Abilities, Weirdness & Mutations

You have an increased reservoir of magic. (+10% MP)
You shall have no god before yourself.
Your divine heritage dramatically boosts your attributes as you level up.


Message History

The jackal bites you but does no damage.
You closely miss the jackal.
The jackal bites you but does no damage.
The jackal barely misses you.
You slice the jackal!!
You kill the jackal!
Things that are here:
a +0 whip; a +0 club; a gnoll corpse You start resting.
You feel a little less mighty now.
You start resting.
HP restored.
Things that are here:
a +0 dagger; a goblin skeleton You see here a hobgoblin skeleton.
You now have 65 gold pieces (gained 5).
A gnoll comes into view. It is wielding a +0 halberd.
A gnoll and a ball python come into view.
The gnoll shouts!
The ball python hisses angrily.
A goblin and an adder come into view.
The goblin shouts!
The adder hisses angrily.
The gnoll hits you with a +0 halberd! The gnoll closely misses you.
The adder barely misses you.
Things that are here:
a +0 whip; a +0 club; a gnoll skeleton You slash the adder!
The adder is almost dead.
The adder barely misses you. The gnoll barely misses you.
The adder barely misses you.
You hit the adder.
You kill the adder!
You block the gnoll's attack. The gnoll hits you with a +0 halberd!
Things that are here:
a +0 whip; a +0 club; a gnoll skeleton You hit the gnoll.
The gnoll is moderately wounded.
The gnoll barely misses you. The gnoll hits you with a +0 halberd!
You die...

..#.##....###.#
#.#.##........# .....
#.#.##....##### .......
#.#.##....# .......
#.#.##....# .......
#.#.#...... ......####
#.#.#.#.####
#.......######.#.#.#...(
+.......ggg@............
#.......#S####.#.#.#.###
#.......#)##...#^#.#
#...?.$.#.##.###.# #
#.......#.##.###+#.#
##.......#.##.......#
#.........#รท##.).....#
#...#....##.##.........
#...#....##.##......###


You could see 2 gnolls, a goblin and a ball python.

Vanquished Creatures
  2 gnolls (D:2)
  An adder (D:2)
  2 ball pythons (D:1)
  An endoplasm (D:1)
  2 giant cockroaches
  2 goblins
  5 hobgoblins
  4 jackals (D:2)
  2 frilled lizards (D:1)
  4 kobolds
  2 rats (D:1)
27 creatures vanquished.

Notes
Turn   | Place    | Note
-------+----------+-------------------------------------------
     0 | D:1      | Jerry the Demigod Fighter began the quest for the Orb.
     0 | D:1      | Reached XP level 1. HP: 18/18 MP: 3/3
   767 | D:1      | Reached XP level 2. HP: 25/25 MP: 4/4
  1393 | D:2      | Reached XP level 3. HP: 12/31 MP: 5/5
  1612 | D:2      | Slain by a gnoll

Illustrated notes

Levels and vault maps discovered:
D:1:      psy_arrival_statuary, layout_basic, ebering_ecumenical_altar_box
D:2:      layout_basic

Skill      XL: |  1  2 |
---------------+-------+-----
Long Blades    | 2 |  2.3
Fighting       | 3 |  3.2
Shields        | 3 |  3.2
Armour         | 3 |  3.1

Action                   || total
-------------------------++-------
Melee: Long sword        ||    82
  Use: Potion            ||     1
Armor: Scale mail        ||    32
Dodge: Dodged            ||    39
Block: Buckler           ||    18
